 Dungeon Crawl Stone Soup version 0.19.3-4-gbf9329e (webtiles) character file.

35 angel3174 the Slasher (level 3, -3/27 HPs)
             Began as a Demonspawn Gladiator on Jan 29, 2017.
             Slain by an adder (4 damage)
             ... on level 2 of the Dungeon.
             The game lasted 00:06:32 (1019 turns).

angel3174 the Slasher (Demonspawn Gladiator)        Turns: 1019, Time: 00:06:33

Health: -3/27      AC: 11    Str: 16    XL:     3   Next: 17%
Magic:  0/3        EV:  5    Int:  9    God:
Gold:   29         SH:  0    Dex: 13    Spells: 0 memorised, 2 levels left

rFire  . . .     SeeInvis .     a - +0 long sword
rCold  . . .     Gourm    +     h - +0 plate armour
rNeg   . . .     Faith    .     (no shield)
rPois  .         Spirit   +     c - +0 helmet
rElec  .         Reflect  .     (no cloak)
rCorr  .         Harm     .     (no gloves)
MR     .....                    (no boots)
Stlth  ..........               e - amulet of the gourmand
                                (no ring)
                                (no ring)

@: lethally poisoned (-3 -> -8)
A: magic shield
a: no special abilities


You were on level 2 of the Dungeon.
You were completely stuffed.

You visited 1 branch of the dungeon, and saw 2 of its levels.

You collected 29 gold pieces.

Inventory:

Hand Weapons
 a - a +0 long sword (weapon)
 m - a +0 spear
Missiles
 d - 3 throwing nets
 p - 7 poisoned needles (quivered)
Armour
 b - a +0 leather armour
 c - a +0 helmet (worn)
 h - a +0 plate armour (worn)
Jewellery
 e - an amulet of the gourmand (around neck)
 i - a cursed ring of fire {unknown}
Scrolls
 g - a scroll of blinking {unknown}
 l - a scroll of remove curse {unknown}
 n - a scroll of identify {unknown}
Potions
 j - a potion of lignification {unknown}
 q - a potion of brilliance {unknown}
Comestibles
 f - a bread ration
 k - a slice of pizza
 o - a meat ration


   Skills:
 + Level 2.1 Fighting
 + Level 3.3 Long Blades
 + Level 1.9 Throwing
 + Level 0.8 Armour
 + Level 3.0 Dodging


You had 2 spell levels left.
You didn't know any spells.

Dungeon Overview and Level Annotations

Branches:
Dungeon (2/15)

Altars:
Xom


Innate Abilities, Weirdness & Mutations

When hurt, damage is shared between your health and your magic reserves.


Message History

The gnoll is severely wounded.
The gnoll hits you but does no damage. x2; The gnoll barely misses you.
Your plate armour prevents you from hitting the gnoll.
The gnoll is severely wounded.
The gnoll hits you but does no damage. The gnoll hits you with a whip.
The gnoll hits you from afar with a spear.
The adder bites you.
You are poisoned.
The adder poisons you!
You closely miss the adder.
You feel sick. The adder bites you.
* * * LOW HITPOINT WARNING * * *
The gnoll hits you but does no damage.
The gnoll hits you from afar with a spear.
* * * LOW HITPOINT WARNING * * *
You slash the adder!
The adder is severely wounded.
* * * LOW HITPOINT WARNING * * *
You feel sick. The adder bites you but does no damage.
The gnoll hits you but does no damage. x2; The adder bites you.
You die...

##........###... #
#........# ... # #.
#........###... ..#.#
............... ....
######........#
##...##..(##.......##
#....#.....#.......#
#.>..S.....#gg..?#...
#@....#)......##
##g..##..####.#
...###g###.## .#
.$.....g(...# #
.........##.......
.............#####
..........####
..........#
..>.......#


You could see 3 gnolls and an adder.

Vanquished Creatures
  3 dart slugs (D:1)
  2 leopard geckos (D:1)
  A ball python (D:1)
  3 goblins (D:1)
  2 hobgoblins (D:1)
  2 kobolds (D:1)
  A quokka (D:2)
  4 bats (D:1)
  3 frilled lizards (D:1)
  6 rats
27 creatures vanquished.

Notes
Turn   | Place    | Note
-------+----------+-------------------------------------------
     0 | D:1      | angel3174 the Demonspawn Gladiator began the quest for the Orb.
     0 | D:1      | Reached XP level 1. HP: 16/16 MP: 1/1
   343 | D:1      | Gained mutation: When hurt, damage is shared between your health and your magic reserves. [demonic ancestry]
   343 | D:1      | Reached XP level 2. HP: 19/22 MP: 2/2
   445 | D:1      | Found a shimmering altar of Xom.
   447 | D:1      | Found a blossoming altar of Fedhas.
   447 | D:1      | Found a bloodstained altar of Trog.
   449 | D:1      | Found a basalt altar of Yredelemnul.
   449 | D:1      | Found a blossoming altar of Fedhas.
   449 | D:1      | Found a radiant altar of Vehumet.
   799 | D:1      | Reached XP level 3. HP: 27/27 MP: 3/3
  1019 | D:2      | HP: 1/27 [poisoned by an adder]
  1019 | D:2      | Slain by an adder

Skill      XL: |  1  2 |
---------------+-------+-----
Long Blades    | 3 |  3.3
Dodging        | 3 |  3.0
Fighting       | |  2.1
Throwing       | |  1.9
Armour         | |  0.8

Action                   || total
-------------------------++-------
Melee: Long sword        ||   101
  Eat: Chunk             ||    12
Armor: Leather armour    ||     4
       Plate armour      ||    85
Dodge: Dodged            ||    38
       Rpst.: Long sword ||    10
